 Dungeon Crawl Stone Soup version 0.27-a0-1442-g87b6fcb595 (webtiles) character file.

Game seed: 4797134161481941790

4397 dolemite99 the Quickloader (level 10, -5/67 HPs)
             Began as a Djinni Fighter on July 5, 2021.
             Was an Elder of Fedhas.
             Slain by a wight (6 damage)
             ... on level 8 of the Dungeon.
             The game lasted 00:15:39 (12749 turns).

dolemite99 the Quickloader (Djinni Fighter)        Turns: 12749, Time: 00:15:40

Health: -5/67      AC: 13    Str: 24    XL:     10   Next: 61%
Gold:   405        EV: 10    Int: 10    God:    Fedhas [****..] SH:  0 Dex: 15

rFire    + + +     SeeInvis .   M - +4 dagger
rCold    + + .     Faith    .   (no shield)
rNeg     . . .     Spirit   .   v - +1 plate armour
rPois    ∞         Reflect  .   (no helmet)
rElec    .         Harm     .   Q - scarf {rC+ rF+}
rCorr    .         Rampage  .   c - +0 pair of gloves of the Eternal Void {rC++ Dex+2}
Will     +....                  (boots unavailable)
Stlth    ..........             (no amulet)
HPRegen  0.21/turn              e - +6 ring of strength {=R}
MPRegen  0.00/turn              w - +4 ring of evasion

@: mighty, flying
A: sickness immunity, fire resistance 2, cold vulnerability 1, float, innate
caster, hp casting, extra vitality 1
a: Renounce Religion, Wall of Briars, Grow Ballistomycete, Overgrow


You were on level 8 of the Dungeon.
You worshipped Fedhas.
Fedhas was greatly pleased with you.
You visited 1 branch of the dungeon, and saw 8 of its levels.

You collected 405 gold pieces.

Inventory:

Hand Weapons
 a - a +3 dagger of venom
 b - a +2 vorpal arbalest
 m - a +0 rapier
 s - a +0 whip of electrocution
 D - a +0 hand crossbow
 M - a +4 dagger (weapon)
Missiles
 i - 230 stones (quivered)
 j - 70 bolts
 k - 4 datura-tipped darts
 q - 2 atropa-tipped darts
 r - 44 poisoned darts
 A - 6 silver javelins
 F - 66 arrows
 H - 4 throwing nets
 O - 2 curare-tipped darts
Armour
 c - the +0 pair of gloves of the Eternal Void (worn) {rC++ Dex+2}
   (You found it on level 6 of the Dungeon)

   Dex:       It affects your dexterity (+2).
   rC:        It greatly protects you from cold.
 d - a +0 cloak
 v - a +1 plate armour (worn)
 Q - a scarf of resistance (worn)
Magical Staves
 B - a staff of death
Jewellery
 e - a +6 ring of strength (left hand) {=R}
 n - a ring of see invisible
 o - an amulet of reflection
 p - a ring of positive energy
 w - a +4 ring of evasion (right hand)
 x - a ring of positive energy
 y - a ring of ice
 P - a +6 ring of strength
Wands
 J - a wand of polymorph (4)
Scrolls
 f - 2 scrolls of fear
 N - a scroll of magic mapping
Potions
 g - a potion of flight {unknown}
 h - a potion of resistance {unknown}
 l - 2 potions of heal wounds {unknown}
 t - a potion of experience {unknown}
 z - a potion of berserk rage {unknown}
 C - a potion of mutation {unknown}
 G - a potion of might
 I - a potion of haste {unknown}


   Skills:
 - Level 3.0 Fighting
 - Level 6.9 Short Blades
 - Level 8.5 Crossbows
 - Level 3.0 Armour
 - Level 3.0 Shields
 + Level 7.8 Invocations


You couldn't memorise any spells.
You knew the following spells:

 Your Spells              Type           Power      Damage    Failure   Level
a - Freeze                Ice            0%         1d3       100%        1
b - Blink                 Tloc           N/A        N/A       100%        2
c - Vampiric Draining     Necr           0%         2d6       100%        3
d - Inner Flame           Hex/Fire       0%         N/A       100%        3
Your spell library was empty.


Dungeon Overview and Level Annotations

Branches:
Dungeon (8/15)             Temple (0/1) D:4
   Lair: D:8-11

Altars:
Fedhas
Ru
Sif Muna
Zin

Shops:
D:7 [:

Annotations:
D:3 1 runed translucent door, exclusion: downstairs, Crazy Yiuf
D:8 Maggie


Innate Abilities, Weirdness & Mutations

You are immune to sickness and miasma.
You are immune to poison.
Your flesh is very heat resistant. (rF++)
You are vulnerable to cold. (rC-)
You float through the air rather than walking.
You learn spells naturally, not from books.
Your magical power is your life essence.
You have superior vitality. (+4 HP)


Message History

Press: ? - help, Q - select action, (/) - cycle Shift-Dir - straight line, f/p - wight
Aim: a wight, wielding a +3 battleaxe of freezing and wearing a +0 robe (66% to hit)
You shoot a bolt. The bolt closely misses the wight.
The bolt hits the wight!
You destroy the wight!
Fedhas accepts your kill.
The wight hits you with a +3 battleaxe of freezing.
* * * LOW HITPOINT WARNING * * *
Fire: 73 bolts
Press: ? - help, Q - select action, (/) - cycle Shift-Dir - straight line, f/p - wight
Aim: a wight, wielding a +3 battleaxe of freezing and wearing a +0 robe (65% to hit)
You shoot a bolt. The bolt barely misses the wight.
The bolt hits the wight!!
You destroy the wight!
Fedhas accepts your kill. The wight barely misses you.
The wight closely misses you.
Fire: 72 bolts
Press: ? - help, Q - select action, (/) - cycle Shift-Dir - straight line, f/p - wight
Aim: a wight, wielding a +3 battleaxe of freezing and wearing a +0 robe (65% to hit)
You shoot a bolt. The bolt closely misses the wight.
The wight hits you with a +3 battleaxe of freezing!
* * * LOW HITPOINT WARNING * * *
Fire: 71 bolts
Press: ? - help, Q - select action, (/) - cycle Shift-Dir - straight line, f/p - wight
Aim: a wight, wielding a +3 battleaxe of freezing and wearing a +0 robe (66% to hit)
You shoot a bolt. The bolt barely misses the wight.
The wight closely misses you.
You feel better. The wight barely misses you.
Okay, then.
Okay, then.
Okay, then.
Okay, then.
M - a +4 dagger (weapon)
The wight closely misses you.
You feel very mighty all of a sudden.
The wight hits you with a +3 battleaxe of freezing!
* * * LOW HITPOINT WARNING * * *
You hit the wight.
The wight is lightly damaged.
The wight hits you with a +3 battleaxe of freezing.
You die...
Fedhas appreciates your contribution to the ecosystem.

#.##.##.#.....#
##.##.##.##÷#### ##
......##.##.# (.
##.#...#......#
#####.#$##..###..####
......(..((## ##.#
.........(.)###.##
############z#.##
##@## ###


You could see a wight.

Vanquished Creatures
  Pikel (D:5)
  A slime creature (D:6)
  A komodo dragon (D:8)
  Sigmund (D:3)
  2 water moccasins
  3 orc warriors
  A necrophage (D:6)
  A sky beast (D:7)
  An ogre (D:4)
  A centaur (D:7)
  3 lemures (D:3)
  5 kobold brigands (D:6)
  2 bullfrogs
  3 wyvern zombies
  2 gnoll sergeants (D:7)
  4 wights (D:8)
  2 centaur zombies
  A human zombie (D:4)
  7 jellies
  8 hounds
  3 gnoll shamans (D:7)
  2 orc priests
  2 bullfrog skeletons
  An iguana (D:7)
  7 orc wizards
  A howler monkey zombie (D:7)
  8 adders
  18 gnolls
  A shadow imp (D:7)
  A white imp (D:7)
  An adder skeleton (D:5)
  2 dart slugs
  28 orcs
  5 ball pythons
  6 endoplasms
  2 giant cockroaches (D:1)
  2 goblins (D:1)
  6 hobgoblins
  7 jackals
  11 kobolds
  A quokka (D:3)
  8 bats
  4 frilled lizards
  3 rats (D:1)
180 creatures vanquished.

Vanquished Creatures (others)
  An orc wizard (D:8)
  2 orcs (D:8)
  6 fungi (D:6)
  7 toadstools (D:6)
16 creatures vanquished.

Grand Total: 196 creatures vanquished

Notes
Turn   | Place    | Note
-------+----------+-------------------------------------------
     0 | D:1      | dolemite99 the Djinni Fighter began the quest for the Orb.
     0 | D:1      | Reached XP level 1. HP: 20/20 MP: 0/0
   291 | D:1      | Reached XP level 2. HP: 22/25 MP: 0/0
   472 | D:1      | Reached XP level 3. HP: 23/30 MP: 0/0
   472 | D:1      | Learned a level 1 spell: Freeze
   671 | D:1      | You are sucked into a shaft and drop 1 floor!
  1454 | D:2      | Reached XP level 4. HP: 22/35 MP: 0/0
  1819 | D:3      | Noticed Sigmund
  1836 | D:3      | Killed Sigmund
  1837 | D:3      | Reached skill level 5 in Short Blades
  1837 | D:3      | Reached XP level 5. HP: 4/40 MP: 0/0
  1837 | D:3      | Learned a level 2 spell: Blink
  1837 | D:3      | Reached XP level 6. HP: 5/46 MP: 0/0
  2345 | D:3      | Found a faded altar of an unknown god.
  2396 | D:3      | Became a worshipper of Fedhas Madash
  2396 | D:3      | Reached * piety under Fedhas
  2912 | D:3      | Found a runed translucent door.
  2913 | D:3      | Noticed Crazy Yiuf
  3235 | D:4      | Reached ** piety under Fedhas
  3239 | D:4      | Noticed Pikel
  3345 | D:4      | Reached XP level 7. HP: 49/50 MP: 0/0
  3345 | D:4      | Learned a level 3 spell: Vampiric Draining
  4896 | D:4      | Identified 2 scrolls of acquirement
  4915 | D:3      | Acquired a +4 ring of evasion
  5241 | D:5      | Entered Level 5 of the Dungeon
  5248 | D:5      | Acquired a +2 vorpal arbalest
  5304 | D:5      | Killed Pikel
  5305 | D:5      | Reached skill level 4 in Crossbows
  5305 | D:5      | Reached XP level 8. HP: 18/56 MP: 0/0
  5854 | D:4      | Found a staircase to the Ecumenical Temple.
  6185 | D:5      | Reached skill level 5 in Crossbows
  6691 | D:6      | Reached skill level 6 in Crossbows
  6691 | D:6      | Reached XP level 9. HP: 60/60 MP: 0/0
  6691 | D:6      | Learned a level 3 spell: Inner Flame
  7043 | D:6      | Identified the +0 pair of gloves of the Eternal Void {rC++
                  | Dex+2}
  7088 | D:6      | Reached skill level 7 in Crossbows
  7820 | D:7      | Reached *** piety under Fedhas
  8749 | D:7      | Reached skill level 8 in Crossbows
  9280 | D:7      | Reached skill level 1 in Invocations
  9424 | D:7      | Found Ugisin's Book Shoppe.
  9430 | D:7      | Found Damuac's Armour Emporium.
  9506 | D:7      | Found a glowing silver altar of Zin.
  9506 | D:7      | Found a sacrificial altar of Ru.
  9850 | D:6      | Reached XP level 10. HP: 67/67 MP: 0/0
  9853 | D:6      | Reached **** piety under Fedhas
 10122 | D:6      | Reached skill level 5 in Invocations
 11230 | D:8      | Noticed Maggie
 12308 | D:8      | Identified the -6 helmet of Boiling Hail {rC+}
 12333 | D:8      | Noticed a komodo dragon
 12349 | D:8      | Killed a komodo dragon
 12744 | D:8      | HP: 3/67 [wight (15)]
 12748 | D:8      | HP: 1/67 [wight (11)]
 12749 | D:8      | Slain by a wight

Illustrated notes

Levels and vault maps discovered:
D:1:      ncdulo_watergridlock, layout_basic, corner_web_ring,
          hangedman_decor_riveting
D:2:      layout_loops_ring, kennysheep_generic_room_16
D:3:      layout_basic, chequers_ecumenical_altar_simple_redux,
          hangedman_decor_diamond_cutter, uniq_crazy_yiuf_cottage, uniq_sigmund
D:4:      layout_rooms, minmay_temple_entry_stoned_glass, enter_ossuary_3,
          uniq_pikel
D:5:      layout_loops_ring, minmay_misc_feat_tiny
D:6:      cheibrodos_fertilizer, layout_basic
D:7:      layout_cave_pools, nicolae_overflow_hidden_temple, serial_shops,
          nicolae_shop_trees, serial_gnoll_camp, gnoll_camp_medium_02,
          gnoll_camp_mini_loothouse, gnoll_camp_medium_01, gnoll_camp_mini_shop,
          gnoll_camp_mini_hut
D:8:      layout_loops_ring, fiery_altar_vehumet, uniq_maggie

Skill      XL: |  1  2  3  4  5  6  7  8  9 10 |
---------------+-------------------------------+-----
Short Blades   | 2 3 5 6 |  6.9
Crossbows      | 4 6 8 |  8.5
Invocations    | 3 7 |  7.8
Fighting       | |  3.0
Armour         | |  3.0
Shields        | |  3.0

Action                   |  1- 3 |  4- 6 |  7- 9 | 10-12 || total
-------------------------+-------+-------+-------+-------++-------
Melee: Rapier            |   110 |     4 |    71 |       ||   185
       Dagger            |       |   124 |   153 |    68 ||   345
 Fire: Arbalest          |       |       |   146 |    67 ||   213
Throw: Stone             |     5 |    32 |     2 |     4 ||    43
  Use: Potion            |       |     1 |       |     2 ||     3
       Scroll            |       |     1 |     9 |     8 ||    18
Armor: Scale mail        |    59 |    20 |       |       ||    79
       Chain mail        |       |    40 |    49 |       ||    89
       Plate armour      |       |       |   107 |    54 ||   161
Dodge: Dodged            |    33 |    34 |   130 |    47 ||   244
Block: Kite shield       |    62 |    52 |    51 |       ||   165

Table legend: (Time is in decaauts)
 A = Elapsed time spent in this place.
 B = Non-inter-level travel time spent in this place.
 C = Inter-level travel time spent in this place.
 D = Time resting spent in this place.
 E = Time spent auto-exploring this place.
 F = Levels seen in this place.
 G = Mean time per level.
                   A        B        C        D        E       F      G
               +--------+--------+--------+--------+--------+-----+--------+
         Total |  12857 |  11867 |    990 |   5402 |   4192 |   8 | 1607.1 |
       Dungeon |  12857 |  11867 |    990 |   5402 |   4192 |   8 | 1607.1 |
               +--------+--------+--------+--------+--------+-----+--------+

Top non-repeatable levels by time:
     D:3: 3343 daAuts
     D:7: 2678 daAuts
     D:6: 2266 daAuts
     D:5: 1100 daAuts
     D:8: 1045 daAuts
     D:1: 922 daAuts
     D:2: 822 daAuts
     D:4: 678 daAuts
